 Dungeon Crawl Stone Soup version 0.26-a0-394-g0b5ff556b1 (webtiles) character file.

Game seed: 14498692646100220863

19 Morbidden the Grasshopper (level 2, -1/23 HPs)
             Began as a Palentonga Warper on July 23, 2020.
             Slain by a leopard gecko (2 damage)
             ... on level 1 of the Dungeon.
             The game lasted 00:01:44 (467 turns).

Morbidden the Grasshopper (Palentonga Warper)        Turns: 467, Time: 00:01:45

Health: -1/23      AC:  4    Str: 14    XL:     2   Next: 55%
Magic:  5/5        EV:  9    Int: 13    God:
Gold:   32         SH:  5    Dex:  9    Spells: 5/5 levels left

rFire    . . .     SeeInvis +   a - +0 falchion
rCold    . . .     Faith    .   (no shield)
rNeg     . . .     Spirit   .   b - +0 leather armour
rPois    .         Reflect  +   (no helmet)
rElec    .         Harm     .   (no cloak)
rCorr    .                      (no gloves)
MR       .....                  (boots restricted)
Stlth    +.........             f - amulet of reflection
HPRegen  0.07/turn              (no ring)
MPRegen  0.09/turn              (no ring)

@: mighty
A: large, rugged brown scales 3, see invisible, deformed body, roll, armoured
tail
a: Rolling Charge


You were on level 1 of the Dungeon.
You visited 1 branch of the dungeon, and saw 1 of its levels.

You collected 32 gold pieces.

Inventory:

Hand Weapons
 a - a +0 falchion (weapon)
Missiles
 e - 3 boomerangs of dispersal (quivered)
Armour
 b - a +0 leather armour (worn)
Jewellery
 f - an amulet of reflection (around neck)
Scrolls
 d - a scroll of blinking
 g - a scroll of remove curse {unknown}
Potions
 h - a potion of invisibility {unknown}


   Skills:
 * Level 2.2 Fighting
 + Level 2.2 Long Blades
 + Level 0.6 Throwing
 + Level 0.8 Armour
 + Level 1.9 Dodging
 + Level 2.3 Spellcasting
   Level 3.0 Translocations


You had 5 spell levels left.
You didn't know any spells.
Your spell library contained the following spells:

 Spells                   Type           Power        Failure   Level
 Blink                    Tloc           N/A          13%         2
 Gell's Gravitas          Tloc           #.........   26%         3
 Lesser Beckoning         Tloc           #.........   26%         3
 Teleport Other           Tloc           #.......     26%         3
 Passage of Golubria      Tloc           N/A          65%         4


Dungeon Overview and Level Annotations

Branches:
Dungeon (1/15)

Altars:


Innate Abilities, Weirdness & Mutations

You are completely covered in rugged brown scales. (AC +3, +7% HP)
You have supernaturally acute eyesight. (SInv)
Armour fits poorly on your strangely shaped body.
You can roll at foes to attack.
You have a long armoured tail.


Message History

The leopard gecko is heavily wounded.
You block the leopard gecko's attack. The goblin hits you but does no damage.
The leopard gecko barely misses you.
You miss the leopard gecko.
The leopard gecko is heavily wounded.
The goblin hits you.
* * * LOW HITPOINT WARNING * * *
The leopard gecko bites you.
* * * LOW HITPOINT WARNING * * *
The goblin hits you but does no damage.
You barely miss the leopard gecko.
The leopard gecko is heavily wounded.
You block the leopard gecko's attack. The goblin hits you but does no damage.
The leopard gecko barely misses you.
Unknown command.
Unknown command.
It was a potion of might.
You feel very mighty all of a sudden. The leopard gecko bites you.
You die...

##### $.... ...... ####
......# ... ......l## .. .
.......@###.####..
.[....#.g........# #####
####........ ########
#.......##
##......###.####### .#
##........##.###########.#
#..........#.##.......##.#
#>.........#.##.......##.#.
#..........#.#####'#####.#.


You could see a leopard gecko and a goblin.

Vanquished Creatures
  A dart slug (D:1)
  3 bats (D:1)
  2 goblins (D:1)
  2 hobgoblins (D:1)
  3 kobolds (D:1)
  A ball python (D:1)
  A frilled lizard (D:1)
  5 rats (D:1)
18 creatures vanquished.

Notes
Turn   | Place    | Note
-------+----------+-------------------------------------------
     0 | D:1      | Morbidden the Palentonga Warper began the quest for the
                  | Orb.
     0 | D:1      | Reached XP level 1. HP: 17/17 MP: 3/3
   203 | D:1      | Reached XP level 2. HP: 19/23 MP: 5/5
   465 | D:1      | HP: 1/23 [leopard gecko (3)]
   467 | D:1      | Slain by a leopard gecko

Illustrated notes

Levels and vault maps discovered:
D:1:      dpeg_arrival_rooms_a, layout_rooms

Action                   || total
-------------------------++-------
Melee: Falchion          ||    44
       Tailslap          ||     4
Throw: Boomerang         ||     2
 Abil: Rolling Charge    ||     5
  Use: Potion            ||     1
Armor: Leather armour    ||    31
Dodge: Dodged            ||    40
Block: Other             ||     9
       Rpst.: Falchion   ||    16

Table legend: (Time is in decaauts)
 A = Elapsed time spent in this place.
 B = Non-inter-level travel time spent in this place.
 C = Inter-level travel time spent in this place.
 D = Time resting spent in this place.
 E = Time spent auto-exploring this place.
 F = Levels seen in this place.
 G = Mean time per level.
                   A        B        C        D        E       F      G
               +--------+--------+--------+--------+--------+-----+--------+
         Total |    476 |    476 |      0 |    308 |     79 |   1 |  476.0 |
       Dungeon |    476 |    476 |      0 |    308 |     79 |   1 |  476.0 |
               +--------+--------+--------+--------+--------+-----+--------+

Top non-repeatable levels by time:
     D:1: 476 daAuts
